Map: Backwater LE

Players

FisterRoboto

  • Race: Zerg Zerg
  • League: Master
  • Spawn Location: 11:00

HellGoesON - Winner!

  • Race: Terran Terran
  • League: Diamond
  • Spawn Location: 5:00

VOD

Have the link to the VOD?

Description

Time

  • Played on: March 24, 2018, 1:35 p.m.
  • Length: 24:19
Show
View Real Time Build Order
Export as new Build Order

FisterRoboto Zerg 

Build Orders: Hatch First 

Get SALT Encoding   

  12  0:01  Drone  
  13  0:12  Overlord  
  13  0:17  Drone  
  14  0:32  Drone x2  
  16  0:35  Drone  
  17  0:52  Hatchery  
  17  0:55  Drone  
  17  0:59  Drone  
  18  1:09  Extractor  
  17  1:15  Spawning Pool  
  17  1:17  Drone  
  17  1:20  Drone  
  18  1:28  Drone  
  19  1:41  Drone  
  20  1:50  Overlord  
  20  2:02  Queen  
  20  2:03  Queen  
  20  2:04  Zergling x2  
  20  2:05  Zergling x2  
  26  2:21  Hatchery  
  25  2:29  Drone x2  
  27  2:37  Drone x2  
  27  2:39  Metabolic Boost  
  29  2:49  Drone x2  
  31  2:53  Pneumatized Carapace  
  31  2:57  Overlord  
  31  3:03  Drone x2  
  33  3:08  Drone x2  
  35  3:16  Drone  
  35  3:17  Drone x3  
  39  3:24  Drone  
  39  3:25  Drone x2  
  42  3:27  Drone  
  43  3:37  Drone x3  
  46  3:43  Overlord  
  46  3:44  Overlord  
  46  3:48  Zergling x2  
  46  3:50  Queen  
  46  3:55  Zergling x2  
  50  4:01  Queen  
  52  4:04  Baneling Nest  
  52  4:07  Drone  
  52  4:08  Drone x3  
  55  4:15  Zergling x2  
  55  4:16  Zergling x2  
  57  4:19  Queen  
  59  4:25  Drone x5  
  59  4:28  Spore Crawler  
  59  4:29  Spore Crawler  
  59  4:30  Spore Crawler  
  59  4:31  Queen  
  63  4:43  Overlord x2  
  63  4:44  Drone x3  
  66  4:47  Lair, Extractor  
  65  4:53  Evolution Chamber  
  65  4:55  Drone x2  
  65  4:56  Evolution Chamber  
  65  5:01  Queen  
  65  5:02  Overlord x2  
  65  5:03  Drone x2  
  65  5:04  Drone  
  65  5:06  Drone x2  
  72  5:24  Zerg Melee Weapons Level 1  
  72  5:31  Zerg Ground Armor Level 1  
  72  5:42  Extractor  
  72  5:43  Extractor x2  
  72  5:45  Drone x14  
  72  5:47  Baneling x4  
  83  5:55  Hatchery  
  82  5:57  Drone  
  82  5:58  Extractor, Drone x3  
  82  6:03  Overseer  
  84  6:25  Drone x12  
  96  6:29  Hydralisk Den  
  95  6:33  Hatchery  
  95  6:36  Drone x3  
  97  6:43  Hatchery  
  96  6:48  Zergling x4  
  96  6:49  Overlord  
  98  6:56  Centrifical Hooks  
  98  7:08  Drone x9  
  101  7:19  Drone  
  101  7:20  Drone x3  
  101  7:22  Queen  
  104  7:24  Hydralisk  
  104  7:25  Grooved Spines  
  106  7:33  Overlord  
  106  7:34  Overlord x4  
  106  7:37  Zerg Melee Weapons Level 2  
  106  7:38  Zerg Ground Armor Level 2  
  106  7:39  Overseer  
  106  7:43  Overlord x3  
  106  7:52  Queen  
  106  7:53  Hydralisk x4  
  106  7:57  Hydralisk x3  
  106  7:58  Queen  
  124  8:01  Hydralisk x7  
  138  8:07  Infestation Pit  
  137  8:13  Hydralisk x5  
  147  8:26  Zergling x10  
  152  8:28  Baneling x4  
  152  8:33  Extractor  
  151  8:34  Hydralisk  
  151  8:35  Hydralisk x4, Extractor  
  151  8:36  Overlord  
  151  8:37  Overlord x5  
  160  8:43  Hive  
  160  8:44  Zergling x6  
  160  8:45  Zergling x10  
  168  8:57  Spire  
  168  9:00  Hatchery  
  166  9:04  Zergling x20  
  176  9:15  Drone x3  
  176  9:16  Spore Crawler x2  
  176  9:17  Hydralisk x7, Spore Crawler  
  176  9:21  Overseer x4  
  185  9:36  Drone x9  
  183  9:40  Spine Crawler  
  183  9:45  Drone x4  
  173  9:56  Viper x3  
  182  10:00  Drone x3  
  182  10:01  Drone x2  
  182  10:04  Spine Crawler, Spore Crawler  
  185  10:09  Hydralisk  
  185  10:10  Hydralisk x5  
  197  10:19  Greater Spire  
  197  10:22  Hydralisk  
  199  10:31  Baneling x7  
  199  10:32  Baneling  
  199  11:10  Zerg Missile Weapons Level 1, Zerg Ground Armor Level 3  
  199  11:13  Spine Crawler, Spore Crawler  
  199  11:15  Extractor  
  199  11:16  Spine Crawler  
  199  11:18  Extractor  
  188  11:47  Zergling x26  
  188  11:53  Zerg Flyer Weapons Level 1  
  199  11:57  Drone  
  199  11:58  Ultralisk Cavern  
  151  12:39  Hydralisk x14  
  151  12:40  Hydralisk x5  
  155  12:47  Hydralisk x9  
  155  12:49  Hydralisk  
  163  12:51  Queen x5  
  171  13:01  Viper x4  
  183  13:11  Corruptor x2  
  187  13:12  Overlord  
  187  13:13  Overlord x7  
  187  13:23  Overlord  
  187  13:25  Chitinous Plating  
  187  13:30  Overlord x2  
  187  13:44  Muscular Augments  
  187  13:45  Zerg Missile Weapons Level 2  
  187  13:47  Corruptor  
  187  13:48  Corruptor x5  
  199  14:13  Drone  
  200  14:30  Hydralisk  
  200  14:31  Hydralisk x16  
  168  14:37  Viper  
  165  14:44  Corruptor  
  165  14:45  Corruptor x2  
  166  14:48  Drone  
  166  14:49  Drone x2  
  169  15:01  Brood Lord x2  
  177  15:14  Hatchery  
  177  15:20  Hydralisk x5  
  186  15:22  Zergling x14  
  186  15:23  Zergling x12  
  191  15:33  Corruptor x4  
  199  15:36  Zergling x2  
  178  16:03  Brood Lord x3  
  156  16:06  Hydralisk x9  
  158  16:13  Corruptor  
  158  16:14  Corruptor x2  
  158  16:15  Zergling x12  
  167  16:18  Drone  
  167  16:19  Drone x2  
  170  16:30  Zerg Missile Weapons Level 3  
  170  16:31  Zerg Melee Weapons Level 3  
  170  16:50  Corruptor x4  
  178  16:55  Extractor  
  178  16:58  Extractor  
  176  17:12  Baneling x8  
  176  17:13  Baneling x5  
  176  17:23  Brood Lord  
  176  17:24  Brood Lord x2  
  182  17:30  Hatchery  
  181  17:42  Corruptor x6  
  190  17:50  Queen x2  
  194  17:52  Queen  
  194  17:55  Queen  
  198  18:01  Queen  
  167  18:59  Hydralisk  
  167  19:00  Hydralisk x19  
  181  19:09  Queen x3  
  143  19:26  Viper x5, Corruptor  
  160  19:33  Drone x2  
  160  19:34  Drone  
  163  19:39  Queen  
  165  20:05  Hydralisk x10  
  183  20:31  Hydralisk x8  
  199  20:41  Hydralisk x2  
  191  20:50  Viper x2  
  191  20:51  Viper  
  131  21:33  Extractor  
  131  21:35  Hydralisk x21  
  131  21:36  Extractor  
  159  21:46  Corruptor x3  
  165  21:47  Corruptor  
  165  21:48  Corruptor x3  
  167  22:12  Hydralisk x3  
  167  22:13  Hydralisk x6  
  175  22:21  Queen  
  175  22:22  Queen x4  
  181  22:29  Brood Lord  
  185  22:30  Brood Lord  
  185  22:41  Brood Lord  
  187  22:46  Queen x2, Brood Lord  
  187  22:47  Queen  
  194  23:11  Extractor  
  187  23:21  Queen  
  187  23:22  Queen x7  
  187  23:23  Drone  
  187  23:24  Drone x2  
  188  23:37  Drone x4  
  188  23:38  Drone x18  
  192  23:43  Drone x2  
  193  23:49  Drone x3  
  193  23:52  Extractor  
  193  23:54  Drone  
  196  23:56  Drone  
  196  23:57  Drone  
Show
View Real Time Build Order
Export as new Build Order

HellGoesON Terran - Winner!

Build Orders: Reaper Expand, Mech, Banshee Rush 

Get SALT Encoding   

  12  0:00  SCV  
  13  0:13  SCV  
  14  0:17  Supply Depot  
  14  0:25  SCV  
  15  0:39  SCV  
  15  0:40  Barracks  
  16  0:44  Refinery  
  16  0:51  SCV  
  17  1:03  SCV  
  18  1:15  SCV  
  19  1:28  Reaper, Orbital Command  
  20  1:44  Command Center  
  20  1:52  Supply Depot  
  20  1:55  SCV  
  20  2:00  Marine  
  22  2:09  Factory  
  22  2:10  SCV  
  23  2:20  Refinery  
  23  2:22  SCV, Barracks Reactor  
  24  2:34  SCV  
  25  2:46  SCV  
  26  2:55  Starport  
  26  2:58  SCV  
  26  3:04  Orbital Command  
  27  3:06  Hellion x2  
  27  3:07  Barracks Tech Lab  
  27  3:11  SCV  
  32  3:23  SCV  
  33  3:28  Hellion x2  
  33  3:30  SCV  
  38  3:39  Cloaking Field, Banshee  
  41  3:43  SCV  
  41  3:44  SCV  
  41  3:46  Supply Depot  
  43  3:55  SCV  
  44  3:58  SCV  
  44  4:01  Factory Tech Lab  
  45  4:05  Supply Depot  
  45  4:12  Command Center  
  45  4:14  SCV  
  45  4:15  SCV  
  47  4:22  Banshee  
  47  4:23  Siege Tank  
  53  4:26  SCV  
  53  4:28  Supply Depot  
  53  4:31  SCV  
  55  4:33  Supply Depot  
  55  4:34  Refinery  
  55  4:37  Refinery  
  55  4:38  SCV  
  55  4:43  SCV  
  57  4:53  SCV  
  57  4:55  Engineering Bay  
  57  4:59  SCV  
  59  5:01  Siege Tank  
  59  5:05  Banshee  
  65  5:11  SCV x2  
  67  5:21  Factory  
  67  5:23  SCV x2  
  67  5:24  Orbital Command  
  69  5:33  Siege Tank  
  69  5:35  SCV x2  
  74  5:40  Infernal Pre-Igniter  
  74  5:45  Factory  
  74  5:46  Barracks Tech Lab  
  74  5:47  SCV x2  
  76  5:52  SCV  
  77  5:59  SCV x2, Banshee  
  77  6:04  SCV, Refinery, Supply Depot  
  83  6:07  Refinery  
  83  6:08  Armory  
  83  6:27  Hellion x2  
  83  6:32  SCV x2  
  89  6:33  SCV  
  90  6:44  SCV x2, Command Center  
  90  6:45  Building Armor  
  92  6:49  Hyperflight Rotors, Banshee  
  92  6:51  SCV  
  96  6:56  Armory, SCV  
  96  6:57  SCV  
  96  6:58  Terran Vehicle And Ship Armor Level 1  
  96  7:03  SCV  
  97  7:09  SCV x2  
  99  7:19  Hellion x2, Siege Tank  
  99  7:22  SCV x2  
  101  7:27  Supply Depot x3  
  101  7:28  Supply Depot  
  101  7:34  Starport  
  101  7:36  Starport  
  101  7:44  Supply Depot  
  101  7:46  Terran Ship Weapons Level 1  
  101  7:48  SCV x3, Siege Tank  
  107  7:54  Hellion, Siege Tank  
  107  7:55  Hellion, Sensor Tower  
  114  8:00  SCV  
  115  8:15  Starport Tech Lab  
  115  8:16  Starport Tech Lab  
  115  8:20  Planetary Fortress, Siege Tank  
  115  8:23  SCV  
  115  8:24  SCV x2  
  121  8:36  SCV x3  
  124  8:42  Thor  
  124  8:44  Corvid Reactor  
  124  8:46  Hellion x2  
  124  8:47  Raven  
  136  8:51  SCV x2  
  136  8:54  Refinery, Supply Depot  
  138  8:55  Supply Depot  
  138  8:56  Refinery  
  138  8:57  Supply Depot  
  138  8:58  Supply Depot  
  138  9:04  Siege Tank  
  138  9:05  Raven  
  143  9:11  Hi-Sec Auto Tracking  
  143  9:13  Hellion x2  
  147  9:36  Raven x2  
  136  9:41  Siege Tank x2  
  136  9:42  Hellion x2  
  142  9:51  Viking  
  136  9:55  Terran Vehicle Weapons Level 1  
  136  10:03  Command Center  
  136  10:04  Hellion x2, Command Center  
  136  10:06  Command Center  
  140  10:15  Missile Turret  
  140  10:16  Missile Turret  
  140  10:18  Missile Turret  
  140  10:19  Viking x2  
  140  10:20  Siege Tank x2  
  140  10:21  Viking, Missile Turret  
  150  10:22  Missile Turret  
  152  10:38  SCV x2  
  152  10:40  Terran Vehicle And Ship Armor Level 2  
  154  10:49  Viking x2  
  158  10:50  Starport x3  
  158  10:55  Siege Tank x2  
  158  10:56  Hellion x2  
  168  11:16  Fusion Core  
  168  11:17  Orbital Command x2  
  168  11:27  Siege Tank  
  171  11:42  Siege Tank  
  171  11:43  Starport Tech Lab  
  171  11:44  Banshee  
  177  11:50  Planetary Fortress  
  175  11:59  Siege Tank  
  178  12:14  Siege Tank  
  181  12:23  Starport Tech Lab  
  156  12:42  Siege Tank, Raven  
  156  12:43  Raven x4  
  158  12:47  Siege Tank  
  156  12:55  Smart Servos  
  156  12:56  Weapon Refit  
  156  13:02  Starport Tech Lab  
  159  13:22  Refinery x2, Viking  
  159  13:24  Thor x2  
  159  13:25  Viking  
  159  13:26  Hellion x2, Viking x2  
  176  13:32  Terran Vehicle Weapons Level 2  
  176  13:35  Terran Ship Weapons Level 2  
  176  13:47  Hellion  
  178  14:06  Viking x2  
  178  14:07  Viking x4  
  175  14:31  Siege Tank x2  
  175  14:36  Viking x3  
  175  14:37  Viking  
  183  14:45  Raven  
  183  14:46  Raven  
  187  14:58  Hellion x2  
  191  15:06  Viking x2, Raven  
  197  15:30  Raven, Orbital Command  
  173  15:57  Viking x5  
  155  16:08  Thor x2  
  155  16:09  Hellion  
  155  16:10  Hellion  
  171  16:13  Viking  
  171  16:27  Viking x3, Raven x2  
  181  16:34  Terran Ship Weapons Level 3  
  181  16:43  Viking  
  183  16:51  Thor  
  189  16:57  Refinery, Viking x2  
  189  16:58  Refinery, Viking  
  195  17:10  Viking x2  
  199  17:42  Thor x2  
  195  17:51  Raven  
  195  17:52  Raven x2  
  199  18:02  Command Center  
  199  18:03  Command Center  
  199  18:06  Command Center  
  199  18:07  Command Center  
  199  18:14  Command Center  
  199  18:18  Command Center  
  199  18:19  Command Center x2  
  199  18:22  Command Center  
  199  18:23  Command Center  
  168  18:59  Hellion x4  
  132  19:14  Raven x4  
  132  19:15  Viking x2  
  136  19:20  Hellion x2  
  140  19:29  Planetary Fortress x2  
  140  19:45  Planetary Fortress x2, Viking  
  142  19:47  Siege Tank x2  
  142  19:49  Hellion x2  
  142  19:51  Raven  
  154  19:57  Viking x2, Raven  
  154  19:58  Command Center  
  160  20:08  Raven  
  160  20:10  Hellion x2  
  166  20:15  Raven  
  168  20:27  Raven  
  164  20:39  Hellion x10  
  164  20:42  Viking x3  
  164  20:50  Viking  
  164  20:51  Planetary Fortress  
  166  20:57  Hellion x3  
  166  20:58  Hellion  
  166  21:03  Refinery  
  174  21:07  Refinery  
  174  21:12  Command Center, Planetary Fortress  
  174  21:13  Planetary Fortress  
  174  21:15  Command Center  
  174  21:18  Hellion  
  174  21:19  Hellion x3  
  174  21:21  Command Center  
  174  21:22  Command Center  
  129  21:39  Viking x4  
  135  21:40  Viking  
  135  21:41  Hellion x4  
  145  22:02  Hellion  
  145  22:03  Hellion x3  
  149  22:15  Raven x3  
  112  22:24  Hellion x3  
  118  22:31  Orbital Command  
  118  22:32  Orbital Command  
  118  22:35  Hellion x6, Siege Tank  
  121  22:45  Siege Tank  
  121  22:50  Hellion x2  
  128  22:52  Planetary Fortress  
  128  22:54  Raven  
  130  23:06  Command Center  
  130  23:07  Hellion  
  130  23:11  Hellion x2  
  136  23:16  Command Center  
  136  23:17  Hellion, Viking x2, Raven x2  
  146  23:21  Hellion x8  
  146  23:29  Hellion  
  146  23:32  Hellion  
  146  23:33  Hellion  
  152  23:39  Hellion  
  136  23:50  Hellion  
  136  23:54  Hellion x2  
Tags
 
Add a new tag
Caveats
  • Supply blocks, unpowered buildings, or Contaminate may cause inaccurate times.
  • Supply counts are checked every 10 seconds.